[Event "Team 45 45 League T27"]
[Site "Free Internet Chess Server"]
[Date "2005.07.14"]
[Round "5"]
[White "gonzolawyer"]
[Black "cerebero"]
[Result "0-1"]
[WhiteElo "1732"]
[BlackElo "1915"]
[TimeControl "2700+45"]

1. c4 Nf6 2. g3 c6 3. Bg2 d5 4. cxd5 cxd5 5. d3 Nc6 6. Nc3 e5 7. Bg5 Be6 8. Nf3 Be7 9. O-O h6 10. Bxf6 Bxf6 11. a3 O-O 12. Rc1 Rc8 13. b4 a6 14. Na4 b6 15. Qd2 Re8 16. Rc2 e4 17. dxe4 dxe4 18. Qxd8 Bxd8 19. Nd2 Nd4 20. Rxc8 Nxe2+ 21. Kh1 Bxc8 22. Nxe4 Bd7 23. Nac3 Nxc3 24. Nxc3 Bf6 25. Nd5 Bd4 26. Nc7 Rc8 27. Nd5 Kf8 28. f4 Bg4 29. Bf3 Rc1   {White resigns} 0-1

[Event "Team 45 45 League T27"]
[Site "Free Internet Chess Server"]
[Date "2005.07.17"]
[Round "5"]
[White "JoeytheBudgie"]
[Black "CleverBanana"]
[Result "1/2-1/2"]
[WhiteElo "1782"]
[BlackElo "1618"]
[TimeControl "2700+45"]

1. d4 d5 2. Nf3 Bg4 3. Ne5 Bf5 4. c4 e6 5. e3 Nf6 6. Qb3 Qc8 7. Nc3 c6 8. cxd5 exd5 9. Be2 Bd6 10. Nf3 O-O 11. O-O Qc7 12. Bd2 h6 13. Rac1 g5 14. Nb5 Qe7 15. Nxd6 Qxd6 16. Bb4 Qc7 17. Bxf8 Kxf8 18. Rc3 Nbd7 19. Rfc1 Bg6 20. Ne5 Nxe5 21. dxe5 Ne4 22. Qa3+ Kg8 23. Rb3 b6 24. Bd3   {Game drawn by mutual agreement} 1/2-1/2

[Event "Team 45 45 League T27"]
[Site "Free Internet Chess Server"]
[Date "2005.07.15"]
[Round "5"]
[White "twinders"]
[Black "LLIAMAH"]
[Result "0-1"]
[WhiteElo "1644"]
[BlackElo "1702"]
[TimeControl "2700+45"]

1. d4 Nf6 2. c4 e6 3. Nc3 Bb4 4. Bg5 d5 5. e3 b6 6. a3 Be7 7. cxd5 Nxd5 8. Bb5+ Nd7 9. Bxe7 Qxe7 10. Nxd5 exd5 11. Bc6 Rb8 12. Bxd5 O-O 13. Nf3 Nf6 14. Bb3 Be6 15. Bc2 Bd5 16. O-O Qd6 17. Ne5 c5 18. dxc5 Qxe5 19. cxb6 Rxb6 20. b4 Rd6 21. Qe2 Rc8 22. Bd3 Be6 23. Rac1 Rcd8 24. Rfd1 Ng4 25. g3 Nf6 26. Bc4 Rxd1+ 27. Rxd1 Rxd1+ 28. Qxd1 Bxc4 29. Qd8+ Qe8 30. Qc7 Bd5 31. Qxa7 Qe4 32. Qb8+ Ne8 33. Kf1 Kf8 34. Qa7 Qc4+ 35. Ke1 Bf3 36. Qc5+ Qxc5 37. bxc5 Ke7 38. Kd2 Ke6 39. Kc3 Kd5 40. Kb4 Kc6 41. a4 Nc7 42. a5 Na6+ 43. Kc4 Nxc5 44. h3 f5 45. Kd4 Bg2 46. h4 Kd6 47. Kc4 Ne4 48. a6 Nxf2 49. a7 Ng4 50. Kd4 Kc7 51. Kc5 Nxe3 52. Kd4 Ng4 53. Kd3 Kb6 54. Ke2 Kxa7 55. Kd3 Kb7 56. Kd4 Kc7 57. Kc5 Kd7 58. Kb6 Ke7 59. Kc7 Kf6 60. Kd6 Ne3 61. Kd7 Nf1 62. Kd6 Nxg3 63. Kc5 Ne4+ 64. Kd4 f4 65. Kd3 Kf5 66. Ke2 f3+ 67. Ke1 f2+ 68. Ke2 f1=Q+ 69. Ke3 Ke5 70. h5 Qf3#   {White checkmated} 0-1

[Event "Team 45 45 League T27"]
[Site "Free Internet Chess Server"]
[Date "2005.07.16"]
[Round "5"]
[White "alexeypopov"]
[Black "Flodo"]
[Result "1-0"]
[WhiteElo "1502"]
[BlackElo "1601"]
[TimeControl "2700+45"]

1. e4 e5 2. Bc4 d6 3. Nf3 h6 4. d4 exd4 5. Nxd4 Nf6 6. Nc3 Be7 7. O-O O-O 8. Qf3 Bg4 9. Qg3 Kh7 10. Bd3 g6 11. f4 Bh5 12. f5 Ng4 13. Nd5 Bh4 14. fxg6+ fxg6 15. Rxf8 Qxf8 16. Qxh4 Nd7 17. Qe7+ Qxe7 18. Nxe7 Re8 19. Nd5 c6 20. Nc3 Nde5 21. h3 Nf6 22. g4 Nfxg4 23. hxg4 Bxg4 24. Bd2 c5 25. Nb3 c4 26. Be2 cxb3 27. Bxg4 Nxg4 28. axb3 a6 29. Bf4 Ne5 30. Rd1 Rf8 31. Bxe5 dxe5 32. Rd7+ Kg8 33. Rxb7 g5 34. Rb6 Kg7 35. Rxa6 g4 36. Re6 h5 37. Rxe5 Kg6 38. Kg2 Rd8 39. Nd5 h4 40. Nf4+ Kf6 41. Rf5+ Kg7 42. Ne6+   {Black resigns} 1-0

[Event "Team 45 45 League T27"]
[Site "Free Internet Chess Server"]
[Date "2005.07.16"]
[Round "5"]
[White "ButiOxa"]
[Black "Atreus"]
[Result "1-0"]
[WhiteElo "1749"]
[BlackElo "1864"]
[TimeControl "2700+45"]

1. e4 e6 2. d4 d5 3. Nd2 c5 4. exd5 exd5 5. Bb5+ Bd7 6. Qe2+ Qe7 7. Bxd7+ Nxd7 8. dxc5 Qxe2+ 9. Nxe2 Bxc5 10. Nb3 Bb6 11. Bf4 Ngf6 12. f3 O-O 13. O-O-O Rac8 14. Ng3 Rc4 15. Bg5 Rfc8 16. c3 R8c6 17. Nf5 Re6 18. Nbd4 Bxd4 19. Nxd4 Re5 20. Bf4 Re8 21. Rhe1 Rxe1 22. Rxe1 Nc5 23. Kd2 Ncd7 24. Bg3 g6 25. Nb5 Ra4 26. a3 Ra5 27. Nd6 Kf8 28. Kc2 Ra6 29. Nxb7 Re6 30. Na5 Rxe1 31. Bxe1 Nc5 32. Bf2 Nfd7 33. b4 Ne6 34. Bxa7 Ke7 35. Nc6+ Kd6 36. Nd4 Nxd4+ 37. Bxd4 Nf8   {Black resigns} 1-0

[Event "Team 45 45 League T27"]
[Site "Free Internet Chess Server"]
[Date "2005.07.21"]
[Round "5"]
[White "MGoo"]
[Black "threeNT"]
[Result "1-0"]
[WhiteElo "1712"]
[BlackElo "1756"]
[TimeControl "2700+45"]

1. d4 d5 2. c4 e6 3. cxd5 exd5 4. Nc3 Bb4 5. Qc2 Nf6 6. Bg5 c6 7. Nf3 O-O 8. e3 Nbd7 9. Be2 Re8 10. O-O h6 11. Bh4 g5 12. Bg3 g4 13. Ne5 Nxe5 14. Bxe5 Bxc3 15. bxc3 Ne4 16. Bxg4 Bxg4 17. f3 Bf5 18. fxe4 Bxe4 19. Qf2 f5 20. Qg3+ Qg5 21. a4 Qxg3 22. Bxg3 Kf7 23. Rf2 Re6 24. Be5 Rg8 25. Kf1 Reg6 26. Raa2 Ke6 27. Rab2 Bd3+ 28. Ke1 h5 29. g3 b5 30. a5 a6 31. Rbd2 Bc4 32. Rb2 h4 33. Kd1 hxg3 34. Bxg3 Rxg3 35. hxg3 Rxg3 36. Kd2 Rg1 37. Rh2 Ra1 38. Rh6+ Kd7 39. Rf6 Rf1 40. Rf7+ Kc8 41. Rf8+ Kd7 42. Rf7+ Ke6 43. Ra7 Kd6 44. Rxa6 b4 45. Rb6 Rf2+ 46. Kc1 bxc3 47. Rxf2   {Black resigns} 1-0

[Event "Team 45 45 League T27"]
[Site "Free Internet Chess Server"]
[Date "2005.07.16"]
[Round "5"]
[White "FusterCluck"]
[Black "TGV"]
[Result "0-1"]
[WhiteElo "1742"]
[BlackElo "1772"]
[TimeControl "2700+45"]

1. Nc3 Nf6 2. d4 c5 3. d5 d6 4. e4 e6 5. Nf3 exd5 6. exd5 g6 7. Bg5 Bg7 8. Qd2 O-O 9. O-O-O Re8 10. h4 Qa5 11. Re1 Bd7 12. Rxe8+ Bxe8 13. Bxf6 Bxf6 14. Ne4 Qxd2+ 15. Nfxd2 Be5 16. g3 f5 17. Ng5 Nd7 18. f4 Bd4 19. Nc4 Nf6 20. Rh2 Bb5 21. c3 Ng4 22. Rg2 Be3+ 23. Kc2 Bxc4 24. Bxc4 Bxf4 25. Kd3 Bxg5 26. hxg5 Ne5+   {White resigns} 0-1

[Event "Team 45 45 League T27"]
[Site "Free Internet Chess Server"]
[Date "2005.07.25"]
[Round "5"]
[White "Pieris"]
[Black "BlkSabb"]
[Result "0-1"]
[WhiteElo "1605"]
[BlackElo "1782"]
[TimeControl "2700+45"]

1. e4 d6 2. Nc3 g6 3. d4 Nf6 4. Bf4 c6 5. e5 dxe5 6. dxe5 Nd5 7. Nxd5 cxd5 8. Bb5+ Nc6 9. a4 Bg7 10. Nf3 a6 11. Bxc6+ bxc6 12. O-O O-O 13. Qd2 Bg4 14. Nd4 c5 15. f3 cxd4 16. fxg4 Qb6 17. Rab1 Rfd8 18. Kh1 Rac8 19. c3 Rc4 20. cxd4 Qxd4 21. Qxd4 Rxd4 22. b3 e6 23. g3 Re4 24. Rfe1 Rxe1+ 25. Rxe1 Rb8 26. Rc1 h6 27. h4 g5 28. hxg5 hxg5 29. Bxg5 Bxe5 30. Bf4 Bxf4 31. gxf4 Rxb3 32. Rc6 Rb4 33. Rxa6 Rxf4   {White resigns} 0-1

[Event "Team 45 45 League T27"]
[Site "Free Internet Chess Server"]
[Date "2005.07.19"]
[Round "5"]
[White "rudini"]
[Black "RussoTuristo"]
[Result "0-1"]
[WhiteElo "1949"]
[BlackElo "2011"]
[TimeControl "2700+45"]

1. e4 c5 2. Nf3 Nc6 3. d4 cxd4 4. Nxd4 Nf6 5. Nc3 e5 6. Ndb5 d6 7. Bg5 a6 8. Na3 b5 9. Bxf6 gxf6 10. Nd5 f5 11. c3 Bg7 12. Bxb5 axb5 13. Nxb5 O-O 14. exf5 Rb8 15. f6 Bxf6 16. a4 Bg7 17. b4 Qg5 18. O-O Rd8 19. Re1 Bb7 20. Re3 f5 21. Rg3 Qh6 22. a5 f4 23. Rh3 Qg6 24. Na7 Re8 25. Qb3 Qf7 26. Nb5 Rbd8 27. Nbc7 Ne7 28. Rd1 Nxd5 29. Nxd5 e4 30. c4 Re5 31. b5 Bxd5 32. cxd5 Qg6 33. b6 Rg5 34. g3 Qf5 35. Rh4 e3 36. b7 fxg3 37. f4 gxh2+ 38. Kxh2 Qe4 39. fxg5 Be5+ 40. Kg1 Qxh4 41. Qc2 Qg4+ 42. Kh1 Qf3+ 43. Kg1 e2   {White resigns} 0-1

[Event "Team 45 45 League T27"]
[Site "Free Internet Chess Server"]
[Date "2005.07.17"]
[Round "5"]
[White "adingod"]
[Black "cerebero"]
[Result "0-1"]
[WhiteElo "1854"]
[BlackElo "1919"]
[TimeControl "2700+45"]

1. d4 Nf6 2. Nf3 g6 3. Bf4 Bg7 4. Nbd2 O-O 5. e4 d6 6. Bd3 Nc6 7. h3 Nb4 8. Be2 Nh5 9. Bh2 e5 10. dxe5 dxe5 11. Nxe5 Qe7 12. Nd3 Nxd3+ 13. cxd3 Bxb2 14. Rb1 Bg7 15. O-O Rd8 16. Qc2 c5 17. a4 Nf6 18. a5 Nd5 19. Nb3 Nc3 20. Rbc1 Be6 21. Na1 b5 22. axb6 axb6 23. e5 Nxe2+ 24. Qxe2 Ra2 25. Nc2 b5 26. Ra1 Rda8 27. Qe4 R8a4   {White resigns} 0-1

[Event "Team 45 45 League T27"]
[Site "Free Internet Chess Server"]
[Date "2005.07.15"]
[Round "5"]
[White "JBFelo"]
[Black "mandragora"]
[Result "1-0"]
[WhiteElo "2000"]
[BlackElo "1837"]
[TimeControl "2700+45"]

1. d4 Nf6 2. c4 g6 3. Nc3 d5 4. Nf3 Bg7 5. Bg5 Ne4 6. Bh4 c6 7. e3 Qa5 8. cxd5 cxd5 9. Qb3 e6 10. Bd3 Nf6 11. O-O O-O 12. Rfc1 Nc6 13. a3 Rb8 14. Bg3 Ra8 15. Nb5 Qb6 16. Bc7 Na5 17. Qa4   {Black resigns} 1-0

[Event "Team 45 45 League T27"]
[Site "Free Internet Chess Server"]
[Date "2005.07.14"]
[Round "5"]
[White "AlefZero"]
[Black "anandkvs"]
[Result "1-0"]
[WhiteElo "2129"]
[BlackElo "1909"]
[TimeControl "2700+45"]

1. e4 e5 2. f4 exf4 3. Nf3 g5 4. d4 Bg7 5. h4 h6 6. hxg5 hxg5 7. Rxh8 Bxh8 8. g3 d5 9. Nc3 dxe4 10. Nxe4 g4 11. Bxf4 gxf3 12. Qxf3 Qxd4 13. Bxc7 Nf6 14. Nd6+ Kf8 15. Nxc8 Ne4 16. Rd1 Qb4+ 17. c3 Qe7 18. Nxe7   {Black resigns} 1-0

[Event "Team 45 45 League T27"]
[Site "Free Internet Chess Server"]
[Date "2005.07.14"]
[Round "5"]
[White "Valiantangel"]
[Black "mtjab"]
[Result "0-1"]
[WhiteElo "1819"]
[BlackElo "2111"]
[TimeControl "2700+45"]

1. d4 d5 2. c4 e5 3. dxe5 d4 4. Nf3 Nc6 5. g3 Be6 6. Qa4 Qd7 7. Bg2 O-O-O 8. O-O Kb8 9. Na3 Nxe5 10. Qxd7 Nxf3+ 11. Bxf3 Rxd7 12. b3 Nf6 13. Bb2 Bc5 14. Nc2 Bf5 15. Ne1 Re8 16. Nd3 Bb6 17. c5 Bxd3 18. cxb6 Bxe2 19. bxc7+ Kc8 20. Bxe2 Rxe2 21. Ba3 d3 22. Kg2 Rxc7 23. Kf3 g5 24. h3 h5 25. Rac1 g4+ 26. hxg4 hxg4+ 27. Kf4 Rxa2 28. Rxc7+ Kxc7 29. Be7 Nd5+ 30. Kxg4 Nxe7 31. Rd1 d2 32. f4 Nd5 33. Kf3 Nc3   {White resigns} 0-1

[Event "Team 45 45 League T27"]
[Site "Free Internet Chess Server"]
[Date "2005.07.15"]
[Round "5"]
[White "Motyl"]
[Black "buRnINGbeNd"]
[Result "0-1"]
[WhiteElo "1857"]
[BlackElo "1809"]
[TimeControl "2700+45"]

1. e4 c5 2. Nf3 d6 3. d4 cxd4 4. Nxd4 Nf6 5. Bd3 g6 6. O-O Bg7 7. Nc3 O-O 8. Kh1 a6 9. f4 Qc7 10. f5 b5 11. a3 Bb7 12. Nde2 Nbd7 13. Nf4 Ne5 14. Nfd5 Nxd5 15. Nxd5 Bxd5 16. exd5 Nxd3 17. Qxd3 Qc4 18. Qxc4 bxc4 19. Rb1 gxf5 20. Rxf5 e6 21. Rg5 Rfe8 22. Rg3 Kh8 23. dxe6 Rxe6 24. Be3 Rae8 25. Bf2 Re2 26. Rf3 Rxc2 27. Rxf7 Bxb2 28. g4 Kg8 29. Rf5 Ree2 30. Rg5+ Kf7 31. Bg3 Bxa3 32. Rf1+ Ke6 33. Ra5 Bc5 34. Rxa6 c3 35. Ra8 Rb2 36. Re8+ Kd5 37. Rc8 c2 38. Rf5+ Ke6 39. Re8+ Kd7 40. Rxe2 c1=Q+ 41. Re1 Qd2 42. Rf7+ Kc6   {White resigns} 0-1

[Event "Team 45 45 League T27"]
[Site "Free Internet Chess Server"]
[Date "2005.07.14"]
[Round "5"]
[White "Sportsmen"]
[Black "AlefZero"]
[Result "1/2-1/2"]
[WhiteElo "2224"]
[BlackElo "2142"]
[TimeControl "2700+45"]

1. d4 Nf6 2. c4 e6 3. Nf3 Bb4+ 4. Bd2 a5 5. g3 d5 6. Bg2 dxc4 7. O-O Nc6 8. e3 O-O 9. Qc2 Re8 10. Qxc4 Qd5 11. Qc2 Qe4 12. Qb3 Qd5 13. Qc2 Qe4 14. Qb3   {Game drawn by mutual agreement} 1/2-1/2

[Event "Team 45 45 League T27"]
[Site "Free Internet Chess Server"]
[Date "2005.07.14"]
[Round "5"]
[White "RussoTuristo"]
[Black "maupasant"]
[Result "1-0"]
[WhiteElo "1990"]
[BlackElo "2047"]
[TimeControl "2700+45"]

1. c4 Nf6 2. Nc3 d6 3. g3 g6 4. Bg2 Bg7 5. e4 O-O 6. Nge2 e5 7. O-O Nbd7 8. d3 a5 9. h3 Nc5 10. Kh2 Ne8 11. Be3 f5 12. exf5 Rxf5 13. f4 Ne6 14. Qb3 c6 15. fxe5 Rxe5 16. Bg1 Qe7 17. d4 Rh5 18. d5 Ng5 19. Nf4 Rh6 20. Rae1 Be5 21. c5 Kg7 22. dxc6 bxc6 23. Bd4 Nf6 24. cxd6 Ng4+ 25. Kh1 Qxd6 26. Bxe5+ Nxe5 27. Ne4 Nxe4 28. Rxe4 Ba6 29. Rd1 Qf6 30. Ne6+ Kh8 31. Qc3 Ng4 32. Rxg4 Qxc3 33. bxc3 Be2 34. Rgd4 Bxd1 35. Rxd1 Rh5 36. Bxc6 Rf5 37. Bxa8   {Black resigns} 1-0

[Event "Team 45 45 League T27"]
[Site "Free Internet Chess Server"]
[Date "2005.07.16"]
[Round "5"]
[White "ryoshu"]
[Black "mandragora"]
[Result "0-1"]
[WhiteElo "1916"]
[BlackElo "1828"]
[TimeControl "2700+45"]

1. e4 e5 2. Nc3 Nf6 3. g3 Bc5 4. Bg2 O-O 5. Nge2 d6 6. Na4 Bb4 7. a3 Ba5 8. b4 Bb6 9. Nxb6 axb6 10. O-O Be6 11. d3 Nc6 12. Qe1 Nh5 13. f4 f5 14. c3 fxe4 15. dxe4 exf4 16. Nxf4 Nxf4 17. Bxf4 Bc4 18. Rf2 Qe7 19. Qd2 Ne5 20. h3 b5 21. Bf1 Bxf1 22. Rfxf1 Nc4 23. Qd5+ Kh8 24. Qxb5 Qxe4 25. Rfe1 Nxa3 26. Qf1 Qc6 27. Qd3 Nc4 28. Qf5 Rae8 29. Rxe8 Qxe8 30. Qd5 b5 31. Qb7 h6 32. h4 Qg6 33. Rf1 Rxf4 34. Rxf4 Qxg3+ 35. Kh1 Qxf4 36. Qxb5 Qf3+ 37. Kg1 Ne3 38. Qe8+ Kh7 39. Qxe3 Qxe3+ 40. Kf1 Qxc3 41. h5 Qxb4 42. Kg1 Qd2 43. Kf1 g6 44. Kg1 gxh5 45. Kh1 h4 46. Kg1 h3 47. Kf1 Kg6 48. Kg1 Qg2#   {White checkmated} 0-1

[Event "Team 45 45 League T27"]
[Site "Free Internet Chess Server"]
[Date "2005.07.18"]
[Round "5"]
[White "zcomcon"]
[Black "CleverBanana"]
[Result "1/2-1/2"]
[WhiteElo "1647"]
[BlackElo "1627"]
[TimeControl "2700+45"]

1. e4 c5 2. f4 g6 3. Nf3 Bg7 4. c3 d6 5. d4 b6 6. Bb5+ Nd7 7. Be3 Nf6 8. e5 Nd5 9. Bd2 O-O 10. exd6 exd6 11. O-O Bb7 12. dxc5 dxc5 13. g3 N7f6 14. Na3 Ng4 15. Nc2 a6 16. Be2 Re8 17. Nfe1 Nge3 18. Nxe3 Nxe3 19. Bxe3 Rxe3 20. Bf3 Qxd1 21. Rxd1 Bxf3 22. Nxf3 Re2 23. Rf2 Rae8 24. Rd2 R2e6   {Game drawn by mutual agreement} 1/2-1/2

[Event "Team 45 45 League T27"]
[Site "Free Internet Chess Server"]
[Date "2005.07.15"]
[Round "5"]
[White "jjgsmm"]
[Black "thelovegambit"]
[Result "0-1"]
[WhiteElo "1630"]
[BlackElo "1545"]
[TimeControl "2700+45"]

1. e4 e6 2. d4 d5 3. exd5 exd5 4. Nc3 Nf6 5. Nf3 Bb4 6. Bd2 O-O 7. Be2 Nc6 8. a3 Bxc3 9. Bxc3 Ne4 10. Bb4 Re8 11. O-O Qf6 12. a4 Nxb4 13. c3 Nc6 14. Bb5 Bd7 15. Bd3 Qg6 16. Kh1 Bg4 17. Be2 Qh5 18. Qd3 Re6 19. Ng1 Bxe2 20. Nxe2 Rh6 21. h3 Re8 22. Rae1 Nf6 23. Ng3 Qg6 24. Qb5 Re6 25. Qxb7 Ne8 26. Qc8 Kf8 27. Qd7 Ne7 28. f4 Qxg3   {White resigns} 0-1

[Event "Team 45 45 League T27"]
[Site "Free Internet Chess Server"]
[Date "2005.07.16"]
[Round "5"]
[White "SamuraiGoroh"]
[Black "phorku"]
[Result "1/2-1/2"]
[WhiteElo "1538"]
[BlackElo "1542"]
[TimeControl "2700+45"]

1. e4 d5 2. exd5 Nf6 3. Bb5+ Bd7 4. Bxd7+ Qxd7 5. Qf3 c6 6. dxc6 Nxc6 7. Ne2 e6 8. h3 Bd6 9. d4 O-O 10. c3 Rfd8 11. Be3 Bc7 12. Nd2 e5 13. Bg5 exd4 14. Bxf6 gxf6 15. Qg4+ Kh8 16. Qxd7 Rxd7 17. cxd4 Nxd4 18. Nxd4 Rxd4 19. Nb3 Re8+ 20. Kf1 Rd5 21. g3 Rde5 22. Kg2 Re2 23. Rab1 Rg8 24. Kf3 Rge8 25. Nd4 Rd2 26. Rhd1 Rxd1 27. Rxd1 Rd8 28. Ke3 Bb6 29. b4 a5 30. a3 axb4 31. axb4 Kg7 32. f4 f5 33. g4 fxg4 34. hxg4 Kg6 35. Rd3 h6 36. Ke4 Re8+ 37. Kf3 Rd8 38. Ke4   {Game drawn by mutual agreement} 1/2-1/2

[Event "Team 45 45 League T27"]
[Site "Free Internet Chess Server"]
[Date "2005.07.17"]
[Round "5"]
[White "Lofoten"]
[Black "LLIAMAH"]
[Result "0-1"]
[WhiteElo "1723"]
[BlackElo "1697"]
[TimeControl "2700+45"]

1. e4 c5 2. Nf3 Nc6 3. c3 Nf6 4. e5 Nd5 5. d4 cxd4 6. cxd4 d6 7. Bd3 dxe5 8. dxe5 Ndb4 9. Be4 Qxd1+ 10. Kxd1 Bg4 11. a3 O-O-O+ 12. Ke2 Nd4+ 13. Kf1 Nb3 14. axb4 Rd1+ 15. Ke2 Rxh1 16. Rxa7 Rxc1   {White resigns} 0-1

[Event "Team 45 45 League T27"]
[Site "Free Internet Chess Server"]
[Date "2005.07.15"]
[Round "5"]
[White "SuperDiman"]
[Black "knightwizzy"]
[Result "1-0"]
[WhiteElo "1471"]
[BlackElo "1557"]
[TimeControl "2700+45"]

1. e4 e5 2. Bc4 Nf6 3. d4 Nc6 4. d5 Nb8 5. Bg5 Be7 6. f3 d6 7. Nc3 Nbd7 8. Be3 O-O 9. Nge2 b6 10. Qd3 Nc5 11. Bxc5 bxc5 12. a3 Rb8 13. O-O-O Bd7 14. Bb5 Rb7 15. Ba6 Rb6 16. b3 Bc8 17. Bxc8 Qxc8 18. Na4 Ra6 19. Ng3 g6 20. Rhe1 Qb7 21. Qc4 Rb8 22. Rd3 Nd7 23. Kb2 Nb6 24. Nxb6 Qxb6 25. Ra1 Bg5 26. Ne2 Qa5 27. Qc3 Qb6 28. Qc4 Qb7 29. g3 Rb6 30. h4 Bf6 31. Rc3 Qc8 32. Ng1 Ra6 33. Kc1 Rbb6 34. Kb2 Qf8 35. Rd3 Qe8 36. Ne2 Qd7 37. Ng1 Rb5 38. a4 Rb4 39. Qxa6   {Black resigns} 1-0

[Event "Team 45 45 League T27"]
[Site "Free Internet Chess Server"]
[Date "2005.07.17"]
[Round "5"]
[White "PawnSensei"]
[Black "Vinoblanca"]
[Result "0-1"]
[WhiteElo "1400"]
[BlackElo "1434"]
[TimeControl "2700+45"]

1. e4 e5 2. Nf3 Nc6 3. d4 exd4 4. Nxd4 Bc5 5. Nxc6 Qf6 6. Qd2 Qxc6 7. Bd3 Nf6 8. Nc3 Bb4 9. O-O Bxc3 10. bxc3 O-O 11. Re1 d6 12. Ba3 Re8 13. f3 Re5 14. c4 Qb6+ 15. Kh1 c5 16. f4 Re6 17. e5 dxe5 18. fxe5 Nd7 19. Qe3 Rxe5 20. Qxe5 Nxe5 21. Rxe5 Be6 22. Bxc5 Qb2 23. Ree1 b6 24. Be3 Rc8 25. Rad1 g6 26. Bh6 a5 27. Be4 Bxc4 28. Bb7 Rb8 29. Rd7 Be6 30. Re7 Qb4 31. R1xe6 fxe6 32. Rg7+ Kh8 33. h3 Qh4   {White resigns} 0-1

[Event "Team 45 45 League T27"]
[Site "Free Internet Chess Server"]
[Date "2005.07.17"]
[Round "5"]
[White "tjraczko"]
[Black "Holyphant"]
[Result "1-0"]
[WhiteElo "1634"]
[BlackElo "1727"]
[TimeControl "2700+45"]

1. e4 c5 2. Nf3 d6 3. d4 cxd4 4. Nxd4 Nf6 5. Nc3 g6 6. Be3 Bg7 7. f3 O-O 8. Qd2 Nc6 9. Bc4 Bd7 10. O-O-O Rc8 11. Bb3 Na5 12. Kb1 b5 13. Ndxb5 Nxb3 14. cxb3 a6 15. Nd4 e6 16. h4 h5 17. Bh6 Bxh6 18. Qxh6 e5 19. Nde2 Be6 20. Qd2 Rc6 21. f4 Ng4 22. Ng3 exf4 23. Qxf4 Qb6 24. Nd5 Bxd5 25. exd5 Rcc8 26. Ne4 Rfd8 27. Rc1 Qd4 28. g3 Rxc1+ 29. Rxc1 Qxd5 30. Nf6+ Nxf6 31. Qxf6 Qd3+ 32. Ka1 Re8 33. Qf4 Kg7 34. Rc3 Re1+ 35. Rc1 Qd1 36. Kb1 Qd3+ 37. Ka1 Rxc1+ 38. Qxc1 Qxg3 39. Qh1 Qd3 40. b4 d5 41. a3 f5 42. Qe1 Kf7 43. Qe5 Qc4 44. Qd6 d4 45. Qd7+ Kg8 46. Qe8+ Kg7 47. Qd7+ Kh6 48. Qd8 d3 49. Qh8#   {Black checkmated} 1-0

[Event "Team 45 45 League T27"]
[Site "Free Internet Chess Server"]
[Date "2005.07.17"]
[Round "5"]
[White "mrmahoon"]
[Black "Berke"]
[Result "1/2-1/2"]
[WhiteElo "1563"]
[BlackElo "1549"]
[TimeControl "2700+45"]

1. e4 e5 2. Nf3 Nf6 3. Nc3 Nc6 4. Bb5 d6 5. Bxc6+ bxc6 6. d4 exd4 7. Nxd4 Bb7 8. O-O Be7 9. Nf3 O-O 10. Re1 Ng4 11. Bf4 Bf6 12. e5 dxe5 13. Nxe5 Qxd1 14. Raxd1 Nh6 15. Bxh6 gxh6 16. Nd7 Bxc3 17. bxc3 Rfd8 18. Nf6+ Kg7 19. Rxd8 Rxd8 20. Ne8+ Kf8 21. Nxc7 Rd7 22. Ne8 Rd2 23. Nf6 Kg7 24. Nh5+ Kf8 25. Rc1 c5 26. f3 Bd5 27. a3 a6 28. Nf4 Bc6 29. Nd3 c4 30. Nb4 Bb5 31. Re1 a5 32. Re5 axb4 33. Rxb5 bxa3 34. Ra5 Rxc2 35. Rxa3 h5 36. g4 hxg4 37. fxg4 Rb2 38. Ra4 Ke7 39. Rxc4 Kd6 40. Rf4 Ke6 41. c4 Rc2 42. h4 f6 43. Kf1 Ke5 44. Rf5+ Ke6 45. c5 Rc4 46. Rh5 Rxg4 47. Rxh7 Kd5 48. Rh5+ Kc6 49. Kf2 f5 50. Rxf5 Rxh4 51. Ke3 Rc4 52. Kd3 Rxc5 53. Rxc5+ Kxc5   {Neither player has mating material} 1/2-1/2

[Event "Team 45 45 League T27"]
[Site "Free Internet Chess Server"]
[Date "2005.07.13"]
[Round "5"]
[White "grabapawn"]
[Black "KlassAct"]
[Result "1-0"]
[WhiteElo "1432"]
[BlackElo "1464"]
[TimeControl "2700+45"]

1. e4 e5 2. Nf3 Nc6 3. Bc4 Bc5 4. d3 h6 5. Nc3 Nf6 6. Na4 Be7 7. d4 exd4 8. O-O Nxe4 9. Nxd4 O-O 10. Nf5 d6 11. Nxh6+ gxh6 12. Bxh6 Re8 13. Qf3 Nf6 14. Qg3+ Bg4 15. f3 Qd7 16. fxg4 Qxg4 17. Qxg4+ Nxg4 18. Bxf7+ Kh7 19. Bxe8 Nxh6 20. Bd7 Ne5 21. Bf5+ Kg7 22. Be4 c6 23. Rae1 b5 24. Nc3 d5 25. Bf5 Nc4 26. Rxe7+ Kh8   {Black resigns} 1-0

[Event "Team 45 45 League T27"]
[Site "Free Internet Chess Server"]
[Date "2005.07.17"]
[Round "5"]
[White "jerryrab"]
[Black "hotjazz"]
[Result "1-0"]
[WhiteElo "1348"]
[BlackElo "1429"]
[TimeControl "2700+45"]

1. d4 d5 2. Nf3 Bf5 3. c4 Nf6 4. Nc3 c6 5. Qb3 Qc7 6. g3 e6 7. Bg2 Be7 8. O-O O-O 9. Ne5 Na6 10. Bf4 Nb4 11. a3 Nc2 12. Rad1 a5 13. e4 dxe4 14. Qxc2 e3 15. Qe2 exf2+ 16. Qxf2 a4 17. c5 h6 18. Nc4 Qd8 19. Nd6 Bh7 20. Nxb7 Qd7 21. Nd6 g5 22. Be5 Ng4 23. Qf3 h5 24. Bh3 f5 25. Bg2 Qa7 26. Rfe1 Qa6 27. h3 Nxe5 28. dxe5 Bg6 29. Qxc6 Qa7 30. Ncb5 Qa5 31. Nc7 Ra7 32. Qd7 Rxc7 33. Qxe6+ Kh7 34. Rf1 Qxc5+ 35. Kh2 h4 36. Nxf5 Bxf5 37. Rxf5 hxg3+ 38. Kxg3 Qe3+ 39. Kh2 Rxf5 40. Qxf5+ Kh6 41. Rd3 Qf4+ 42. Qxf4 gxf4 43. Rd4 Bg5 44. Rd6+ Kh7 45. Be4+ Kh8 46. Ra6 Rc4 47. Bd5 Rd4 48. Bc6 Rd2+ 49. Kg1 Rd1+ 50. Kg2 Rd2+ 51. Kf3 Rxb2 52. Rxa4 Kg7 53. Kg4 Kg6 54. Be4+ Kh6 55. Ra6+ Kg7 56. Kxg5 Rb3 57. h4 f3 58. Rg6+ Kf8 59. Rf6+ Ke7 60. Rxf3 Rb2 61. Bd5 Rg2+ 62. Kf5 Rh2 63. Rf4 Rd2 64. Be6 Ke8 65. Kg5 Ke7 66. Rf6 Rg2+ 67. Kf5 Rh2 68. Rh6 Rh3 69. a4 Ra3 70. Rh7+ Kf8 71. Ra7 Rf3+ 72. Kg5 Rg3+ 73. Kf4 Rg2 74. Kf3 Rh2 75. Kg3 Re2 76. Kf4 Rb2 77. Bf5 Rb4+ 78. Kg5 Ke8 79. e6 Rb8 80. Bg6+ Kd8 81. e7+ Kc8 82. e8=Q#   {Black checkmated} 1-0

[Event "Team 45 45 League T27"]
[Site "Free Internet Chess Server"]
[Date "2005.07.18"]
[Round "5"]
[White "chesstalker"]
[Black "EyeAm"]
[Result "1-0"]
[WhiteElo "1318"]
[BlackElo "1374"]
[TimeControl "2700+45"]

1. e4 e5 2. Nf3 Nf6 3. Nc3 Nc6 4. Bb5 d6 5. d3 Be7 6. Bg5 O-O 7. O-O Bg4 8. Qe2 Nd4 9. Qe3 Nxc2 10. Qe2 Nxa1 11. Rxa1 c6 12. Ba4 b5 13. Bc2 a5 14. Rc1 Rc8 15. Nd1 Nh5 16. Qe3 Bxf3 17. Bxe7 Qxe7 18. Qxf3 Qg5 19. Ne3 Qe7 20. Qxh5 Qe6 21. Bb3 d5 22. Bd1 dxe4 23. Bg4 f5 24. Bh3 g6 25. Qg5 Qxa2 26. Nxf5 Rxf5 27. Bxf5 Rf8 28. Bxe4 Qxb2 29. f3 a4 30. Bxc6 a3 31. Bd5+ Kh8 32. Qh6 Rf6 33. Rc8+   {Black resigns} 1-0

[Event "Team 45 45 League T27"]
[Site "Free Internet Chess Server"]
[Date "2005.07.13"]
[Round "5"]
[White "JBFelo"]
[Black "bahus"]
[Result "1-0"]
[WhiteElo "1985"]
[BlackElo "1830"]
[TimeControl "2700+45"]

1. d4 Nf6 2. c4 c5 3. d5 b5 4. cxb5 a6 5. bxa6 Bxa6 6. Nc3 d6 7. e4 Bxf1 8. Kxf1 g6 9. g4 Bg7 10. h3 O-O 11. Kg2 Nbd7 12. Nf3 Ra6 13. Qe2 Qa8 14. Bf4 Rb8 15. e5 Nxd5 16. Nxd5 Qxd5 17. Rhd1 Qa8 18. exd6 e6 19. Rd2 Rxa2 20. Rxa2 Qxa2 21. b4 Qa8 22. bxc5 Qc6 23. Rc2 Rc8 24. Kg3 Nxc5 25. Qc4 Ne4+ 26. Qxe4 Qxc2 27. d7   {Black resigns} 1-0